 Dungeon Crawl Stone Soup version 0.21.0-8-gf18e19db4a (webtiles) character file.

15288 MalkierKing the Severer (level 11, -2/102 HPs)
             Began as a Minotaur Berserker on Jan 18, 2018.
             Was a High Priest of Trog.
             Slain by a spiny frog (21 damage)
             ... on level 1 of the Lair of Beasts.
             The game lasted 00:47:30 (11364 turns).

MalkierKing the Severer (Minotaur Berserker)       Turns: 11364, Time: 00:47:30

Health: -2/102     AC: 16    Str: 25    XL:     11   Next: 99%
Magic:  10/10      EV: 12    Int:  5    God:    Trog [*****.]
Gold:   89         SH:  0    Dex:  9    Spells: 10/10 levels left

rFire    . . .     SeeInvis .   a - +0 battleaxe
rCold    + . .     Gourm    .   (shield currently unavailable)
rNeg     . . .     Faith    .   y - +2 scale mail of Hairiness {rElec rC+}
rPois    .         Spirit   .   H - +1 hat
rElec    +         Reflect  .   u - +0 cloak
rCorr    .         Harm     +   E - +0 pair of gloves
MR       ++...                  i - +0 pair of boots
Stlth    ..........             M - amulet of harm
HPRegen  1.27/turn              (no ring)
MPRegen  0.12/turn              (no ring)

@: lethally poisoned (-2 -> -2), regenerating
A: retaliatory headbutt, horns 2
a: Berserk, Trog's Hand, Brothers in Arms, Burn Spellbooks, Renounce Religion


You were on level 1 of the Lair of Beasts.
You worshipped Trog.
Trog was extremely pleased with you.
You were not hungry.

You visited 3 branches of the dungeon, and saw 13 of its levels.

You collected 336 gold pieces.
You spent 247 gold pieces at shops.

Inventory:

Hand Weapons
 a - a +0 battleaxe (weapon)
 b - a +2 morningstar of protection
Missiles
 e - 65 bolts
Armour
 i - a +0 pair of boots (worn)
 u - a +0 cloak (worn)
 y - the +2 scale mail of Hairiness (worn) {rElec rC+}
   (You bought it in a shop on level 11 of the Dungeon)

   It protects you from cold.
   It insulates you from electricity.
 E - a +0 pair of gloves (worn)
 H - a +1 hat (worn)
Jewellery
 M - an amulet of harm (around neck)
Wands
 m - a wand of paralysis (11)
 s - a wand of iceblast (5)
 v - a wand of polymorph (29)
 G - a wand of disintegration (7)
 L - a wand of acid (13)
 N - a wand of flame (18)
 Q - a wand of random effects (18)
Scrolls
 d - 2 scrolls of blinking {unknown}
 g - 2 scrolls of fear
 k - 2 scrolls of noise {unknown}
 p - 6 scrolls of teleportation
 r - 2 scrolls of magic mapping
 t - 5 scrolls of remove curse
 w - 3 scrolls of fog
 B - a scroll of enchant armour {unknown}
 C - 5 scrolls of enchant weapon {unknown}
 D - a scroll of acquirement {unknown}
 I - a scroll of brand weapon {unknown}
 K - a scroll of vulnerability {unknown}
Potions
 f - 2 potions of lignification {unknown}
 h - 3 potions of haste {unknown}
 j - 5 potions of curing
 n - 2 potions of brilliance {unknown}
 o - a potion of cancellation {unknown}
 q - 5 potions of flight
 x - 3 potions of magic
 z - a potion of might {unknown}
 A - a potion of degeneration {unknown}
 F - a potion of mutation {unknown}
 O - a potion of ambrosia {unknown}
Miscellaneous
 J - a phantom mirror
Comestibles
 c - 20 rations


   Skills:
 + Level 11.1 Fighting
 + Level 15.8 Axes
 + Level 12.2 Armour
 + Level 4.4 Dodging
 - Level 0.1 Stealth


You had 10 spell levels left.
You didn't know any spells.

Dungeon Overview and Level Annotations

Branches:
Dungeon (11/15)            Temple (1/1) D:4            Lair (1/6) D:9
    Orc (0/2) D:10

Altars:
Ashenzari
Cheibriados
Dithmenos
Elyvilon
Fedhas
Gozag
Hepliaklqana
Kikubaaqudgha
Makhleb
Nemelex Xobeh
Okawaru
Qazlal
Ru
Sif Muna
Trog
Uskayaw
Vehumet
Wu Jian
Xom
Yredelemnul
Zin
The Shining One

Shops:
D:4 (   D:5 *}:   D:11 *

Annotations:
Lair:1 Erica


Innate Abilities, Weirdness & Mutations

You reflexively headbutt those who attack you in melee.
You have a pair of horns on your head.


Message History

You feel sick.
You feel better. Something hits you but does no damage.
The spiny frog stings you!
You are poisoned.
The spiny frog poisons you!
You slash the spiny frog! Your headbutt misses the spiny frog.
The spiny frog is heavily wounded.
You miss something.
You feel sick. The spiny frog barely misses you.
Something hits you but does no damage.
You closely miss the spiny frog.
You headbutt the spiny frog, but do no damage.
The spiny frog is heavily wounded.
You slash something!
You feel sick. The spiny frog stings you!
* * * LOW HITPOINT WARNING * * *
Something hits you!
* * * LOW HITPOINT WARNING * * *
Something burns you.
* * * LOW HITPOINT WARNING * * *
You feel sick. The spiny frog stings you!!
You die...

....... .. ....... ##...##
.......
..####.....########.......
>.#......≈≈..##.##........
$......≈≈≈≈≈..............
.#....≈≈≈≈≈≈≈..........?..
........≈≈≈≈≈.............
........≈≈≈≈≈≈.@F.........
#...<.≈≈≈≈≈.######.....
##...≈≈≈≈≈≈.# #....
#..≈≈≈≈≈≈..# ....
###..≈≈≈≈.## ...
###.....P# ####..## ##.#
P.P.


You could see a spiny frog.

Vanquished Creatures
  Gastronok (D:9)
  Josephine (D:10)
  2 two-headed ogres
  A deep elf mage (D:10)
  An ugly thing (D:11)
  The ghost of MalkierKing the Chopper, a novice MiBe of Trog (D:5)
  A spiny frog (Lair:1)
  A centaur skeleton (D:11)
  A gargoyle (D:10)
  2 trolls
  A hornet (D:10)
  A hippogriff (D:11)
  A spriggan (D:10)
  5 wraiths
  A human (D:10)
  10 yaks
  A hungry ghost (D:9)
  A water moccasin (D:8)
  An acid dragon (D:11)
  4 orc warriors
  An ice beast (D:8)
  3 sky beasts
  An eye of draining (D:11)
  A black bear (D:9)
  2 phantoms
  4 ogres
  A wolf (D:8)
  8 centaurs
  A crocodile (Lair:1)
  A big kobold (D:8)
  5 bullfrogs
  3 scorpions
  19 wights
  12 killer bees
  4 electric eels
  4 crimson imps
  7 howler monkeys
  10 hounds
  A bullfrog zombie (D:6)
  A quasit (D:9)
  2 bullfrog skeletons
  An orc priest (D:5)
  2 jellies
  11 orc wizards
  9 worker ants
  5 iguanas
  A hound zombie (D:9)
  3 hound skeletons
  A worker ant zombie (D:10)
  11 adders
  7 gnolls (D:3)
  2 shadow imps
  An ooze (D:2)
  3 adder zombies
  An adder skeleton (D:4)
  3 worms
  3 dart slugs
  6 leopard geckos
  34 orcs
  10 bats
  3 giant cockroaches
  11 goblins
  3 hobgoblins
  13 jackals
  4 quokkas
  6 frilled lizards
  15 kobolds
  A quokka skeleton (D:4)
  11 rats
310 creatures vanquished.

Notes
Turn   | Place    | Note
-------+----------+-------------------------------------------
     0 | D:1      | MalkierKing the Minotaur Berserker began the quest for the Orb.
     0 | D:1      | Reached XP level 1. HP: 19/19 MP: 0/0
   262 | D:1      | Reached skill level 4 in Axes
   262 | D:1      | Reached XP level 2. HP: 14/27 MP: 1/1
   705 | D:2      | Reached XP level 3. HP: 29/33 MP: 2/2
   707 | D:2      | Reached ** piety under Trog
   742 | D:2      | Found a faded altar of an unknown god.
   804 | D:2      | Reached skill level 5 in Axes
   811 | D:2      | Reached XP level 4. HP: 28/40 MP: 3/3
  1115 | D:2      | Found a sparkling altar of Nemelex Xobeh.
  1126 | D:2      | Found a burning altar of Makhleb.
  1135 | D:2      | Found a glowing silver altar of Zin.
  1144 | D:2      | Found a radiant altar of Vehumet.
  1155 | D:2      | Found a shimmering altar of Xom.
  1160 | D:2      | Found an ancient bone altar of Kikubaaqudgha.
  1172 | D:2      | Found an ornate altar of the Wu Jian Council.
  1378 | D:3      | Reached XP level 5. HP: 37/47 MP: 4/4
  1388 | D:3      | Reached *** piety under Trog
  1634 | D:3      | Reached skill level 6 in Axes
  2144 | D:4      | Found Ovvorph's Antique Weapon Shop.
  2202 | D:4      | Found a bloodstained altar of Trog.
  2211 | D:4      | Found a staircase to the Ecumenical Temple.
  2269 | D:4      | Reached XP level 6. HP: 53/53 MP: 5/5
  2396 | Temple   | Entered the Ecumenical Temple
  2657 | D:5      | Entered Level 5 of the Dungeon
  2657 | D:5      | Noticed MalkierKing's ghost (novice MiBe)
  3075 | D:5      | Reached skill level 7 in Axes
  3122 | D:5      | Reached skill level 5 in Fighting
  3122 | D:5      | Reached XP level 7. HP: 43/61 MP: 6/6
  3132 | D:5      | Killed MalkierKing's ghost
  3132 | D:5      | Reached skill level 8 in Axes
  3132 | D:5      | Reached skill level 5 in Armour
  3147 | D:5      | Reached **** piety under Trog
  3337 | D:5      | Found Viexaitz's General Store.
  3358 | D:5      | Bought a scroll of fog for 22 gold pieces
  3440 | D:5      | Found Tezxiu's Gadget Shoppe.
  3542 | D:5      | Found Hunual's Book Shoppe.
  3544 | D:5      | Reached XP level 8. HP: 68/69 MP: 7/7
  4221 | D:6      | Reached skill level 9 in Axes
  4616 | D:6      | Reached skill level 10 in Axes
  4800 | D:7      | Reached ***** piety under Trog
  5003 | D:7      | Reached XP level 9. HP: 78/78 MP: 8/8
  5004 | D:7      | Found a radiant altar of Vehumet.
  5898 | D:8      | Reached skill level 11 in Axes
  7068 | D:8      | Reached skill level 12 in Axes
  7437 | D:8      | Reached XP level 10. HP: 65/88 MP: 9/9
  7948 | D:9      | Reached skill level 10 in Armour
  7965 | D:9      | Found a staircase to the Lair.
  8118 | D:9      | Reached skill level 13 in Axes
  8132 | D:9      | Noticed Gastronok
  8147 | D:9      | Killed Gastronok
  8198 | D:9      | Received a gift from Trog
  8502 | D:9      | Noticed a two-headed ogre
  8507 | D:9      | Killed a two-headed ogre
  8507 | D:9      | Reached XP level 11. HP: 98/99 MP: 10/10
  8834 | D:10     | Entered Level 10 of the Dungeon
  8834 | D:10     | Found a staircase to the Orcish Mines.
  8852 | D:10     | Noticed a deep elf mage
  8857 | D:10     | Noticed Josephine
  8860 | D:10     | Killed a deep elf mage
  8860 | D:10     | Reached skill level 10 in Fighting
  8860 | D:10     | Reached skill level 14 in Axes
  8868 | D:10     | Killed Josephine
  9750 | D:10     | Found a stormy altar of Qazlal.
  9989 | D:10     | Reached skill level 15 in Axes
 10122 | D:10     | Noticed a two-headed ogre
 10130 | D:10     | Killed a two-headed ogre
 10330 | D:11     | Noticed a cyan ugly thing
 10344 | D:11     | Killed a cyan ugly thing
 11075 | D:11     | Received a gift from Trog
 11156 | D:11     | Found Guakk's Assorted Antiques.
 11167 | D:11     | Bought a smoking scale mail for 225 gold pieces
 11177 | D:11     | Identified the +2 scale mail of Hairiness {rElec rC+} (You bought it in a shop on level 11 of the Dungeon)
 11325 | Lair:1   | Entered Level 1 of the Lair of Beasts
 11344 | Lair:1   | Noticed Erica
 11364 | Lair:1   | Slain by a spiny frog

Skill      XL: |  1  2  3  4  5  6  7  8  9 10 11 |
---------------+----------------------------------+-----
Axes           | 4 5 6 7 8 10 12 13 15 | 15.8
Fighting       | 4 5 6 8 9 11 | 11.1
Armour         | 3 4 6 8 9 11 12 | 12.2
Dodging        | 3 4 |  4.4
Stealth        | |  0.1

Action                   |  1- 3 |  4- 6 |  7- 9 | 10-12 || total
-------------------------+-------+-------+-------+-------++-------
Melee: Hand axe          |    66 |   182 |   163 |       ||   411
       Headbutt          |     8 |    30 |    67 |    65 ||   170
       War axe           |       |       |   219 |   122 ||   341
       Battleaxe         |       |       |       |   247 ||   247
Invok: Berserk           |       |       |     3 |     3 ||     6
       Burn Spellbooks   |       |       |     1 |     2 ||     3
       Trog's Hand       |       |       |     1 |     1 ||     2
  Use: Scroll            |       |       |     6 |     3 ||     9
       Potion            |       |       |       |     1 ||     1
  Eat: Chunk             |       |     7 |    14 |    10 ||    31
       Ration            |       |       |     1 |     2 ||     3
Armor: Animal skin       |     3 |       |       |       ||     3
       Ring mail         |    21 |    16 |       |       ||    37
       Chain mail        |       |   100 |    57 |     1 ||   158
       Plate armour      |       |       |   165 |   215 ||   380
       Acid dragon scale |       |       |       |    23 ||    23
       Scale mail        |       |       |       |     8 ||     8
Dodge: Dodged            |    56 |    83 |   196 |   164 ||   499
